[Event "International chess holiday K12"]
[Site "Praha"]
[Date "2014.07.27"]
[Round "9"]
[White "Trebbin Dr., Wolfhard"]
[Black "Müller, Jörg"]
[Result "1-0"]
[ECO "A46"]
[WhiteElo "1961"]
[BlackElo "1900"]
[Annotator "Koller,Martin"]
[PlyCount "91"]
[TimeControl "240+2"]

1. d4 e6 2. Nf3 Nf6 3. g3 g6 4. Bg2 Bg7 5. O-O O-O 6. c4 c6 7. Nc3 Re8
8. e4 Kh8 9. Ng5 Re7 10. e5 Ng8 11. Nce4 h6 12. Nf3 d5 13. exd6 Rd7 14. Ne5
Bxe5 15. dxe5 f5 16. exf6 Nxf6 17. Qd4 Rf7 18. Bxh6 Nbd7 19. Ng5 Qg8 20. Nxf7+
Qxf7 21. Bg5 e5 22. Qh4+ Qh7 23. Bxf6+ Nxf6 24. Qxf6+ Qg7 25. Qd8+ Kh7 26. Qh4+
Kg8 27. Rad1 Bd7 28. Bh3 g5 29. Qh5 g4 30. Bg2 Rf8 31. h4 Rf5 32. Qxf5 Bxf5 33.
Rfe1 Bd7 34. Rd2 Qf6 35. c5 Kf8 36. Bf1 Ke8 37. Rde2 Kd8 38. Rxe5 b6 39. b4 b5
40. Bd3 Qf7 41. Re7 Qf6 42. R7e5 a6 43. Bf5 Bxf5 44. Re8+ Kd7 45. R1e7+ Qxe7
46. Rxe7+ 1-0

[Event "International chess holiday K12"]
[Site "Praha"]
[Date "2014.07.27"]
[Round "9"]
[White "Vavrinec, Tomas"]
[Black "Plesnik, Miroslav"]
[Result "1-0"]
[ECO "A34"]
[WhiteElo "2011"]
[BlackElo "1863"]
[Annotator "Koller,Martin"]
[PlyCount "87"]
[TimeControl "240+2"]

1. c4 Nf6 2. Nc3 c5 3. g3 e6 4. Nf3 d5 5. cxd5 Nxd5 6. Nxd5 exd5 7. d4
Nc6 8. Bg2 Be7 9. O-O Bg4 10. dxc5 Bxc5 11. Bg5 Qb6 12. Qxd5 O-O 13. Rac1 Be7
14. Bxe7 Nxe7 15. Qe4 Bxf3 16. Bxf3 Nc6 17. b3 Rfe8 18. Qf4 Ne5 19. Rfd1 Nxf3+
20. Qxf3 Rad8 21. e3 h6 22. Rxd8 Rxd8 23. Qe4 Qa6 24. Qe7 Rf8 25. a3 b6 26. Rc7
Qd3 27. Rxa7 Qxb3 28. Rb7 Ra8 29. e4 Qf3 30. Rxb6 Rxa3 31. Rb1 Ra2 32. Qd8+ Kh7
33. Qd4 Re2 34. e5 Re4 35. Qc5 Qd3 36. Rc1 Qe2 37. Qc7 Qd2 38. Rf1 Qd5 39. Qc2
g6 40. f4 Rd4 41. f5 Rd2 42. fxg6+ fxg6 43. Qc7+ Qd7 44. Rf7+ 1-0

[Event "International chess holiday M21"]
[Site "Praha"]
[Date "2014.07.27"]
[Round "1"]
[White "Bilek, Roman"]
[Black "Scherer, Frank"]
[Result "0-1"]
[ECO "B13"]
[WhiteElo "1958"]
[BlackElo "2063"]
[Annotator "Koller,Martin"]
[PlyCount "90"]
[TimeControl "240+2"]

1. e4 c6 2. d4 d5 3. exd5 cxd5 4. c4 Nf6 5. Nc3 Nc6 6. Nf3 Bg4 7. cxd5
Nxd5 8. Qb3 Bxf3 9. gxf3 e6 10. Qxb7 Nxd4 11. Bb5+ Nxb5 12. Qc6+ Ke7 13. Qxb5
Nxc3 14. bxc3 Rb8 15. Qc5+ Ke8 16. Qxa7 Bd6 17. Qd4 Qc7 18. f4 Ke7 19. O-O Rhd8
20. Be3 Rbc8 21. Rab1 Kf8 22. Qe4 Kg8 23. a4 Qxc3 24. Rfc1 Qa3 25. Rxc8 Rxc8
26. Qb7 Rf8 27. Qc6 Qd3 28. Qb5 Qg6+ 29. Kf1 Qe4 30. a5 Bxf4 31. Bxf4 Qxf4 32.
a6 Qxh2 33. Rb4 Rd8 34. a7 Qh1+ 35. Ke2 Qd1+ 36. Ke3 Qe1+ 37. Kf3 Qh1+ 38. Kf4
e5+ 39. Kxe5 Qa1+ 40. Kf4 Qxa7 41. Rb2 g6 42. Re2 Qd4+ 43. Kg3 Qd6+ 44. Kh4
Qf4+ 45. Kh3 Qf5+ 0-1

[Event "International chess holiday K21"]
[Site "Praha"]
[Date "2014.07.27"]
[Round "1"]
[White "Klamp, Cristoph"]
[Black "Koubek, Vaclav"]
[Result "1/2-1/2"]
[ECO "A50"]
[WhiteElo "2053"]
[BlackElo "2034"]
[Annotator "Koller,Martin"]
[PlyCount "47"]
[TimeControl "240+2"]

1. Nf3 Nf6 2. c4 b6 3. g3 Bb7 4. Bg2 g6 5. Nc3 Bg7 6. O-O O-O 7. d4 d5
8. Ne5 c6 9. Qb3 Nbd7 10. Rd1 e6 11. f4 Qc7 12. Be3 Rac8 13. Rac1 Qb8 14. Bf3
Rfd8 15. Bf2 h6 16. Rd2 Nxe5 17. fxe5 dxc4 18. Qxc4 Nd5 19. Bxd5 cxd5 20. Qd3
Qc7 21. Rdc2 Qd7 22. Nd1 Rxc2 23. Rxc2 Rc8 24. Be3 1/2-1/2

[Event "International chess holiday K21"]
[Site "Praha"]
[Date "2014.07.27"]
[Round "1"]
[White "Reichmann, Steffen"]
[Black "Lammers, Frank"]
[Result "1/2-1/2"]
[ECO "C00"]
[WhiteElo "1966"]
[BlackElo "1999"]
[Annotator "Koller,Martin"]
[PlyCount "81"]
[TimeControl "240+2"]

1. e4 e6 2. Nf3 d5 3. e5 c5 4. b4 cxb4 5. a3 Nc6 6. axb4 Bxb4 7. c3 Be7
8. d4 f6 9. Bd3 fxe5 10. dxe5 Qc7 11. Qe2 Bc5 12. Na3 a6 13. O-O Nge7 14. Bg5
h6 15. Bxe7 Nxe7 16. Nh4 Bd7 17. Qh5+ Kd8 18. Nf3 Rf8 19. Nb5 Bxb5 20. Bxb5 Rc8
21. Bd3 Nc6 22. c4 d4 23. Qh4+ Qe7 24. Qe4 g5 25. Qg6 Rh8 26. Rfd1 Kc7 27. Be4
Rhg8 28. Qh5 Rcd8 29. Qg4 Rgf8 30. g3 Qe8 31. Rdb1 a5 32. Rb5 b6 33. Rd1 Qd7
34. Bg6 Rxf3 35. Qxf3 Nxe5 36. Qe4 Nxc4 37. Rb3 a4 38. Rf3 Qd6 39. Rf7+ Rd7 40.
Qa8 Rxf7 41. Bxf7 1/2-1/2

[Event "International chess holiday K21"]
[Site "Praha"]
[Date "2014.07.27"]
[Round "1"]
[White "Schoenmakers, Nico"]
[Black "Skopec, Lubos"]
[Result "0-1"]
[ECO "B76"]
[WhiteElo "1885"]
[BlackElo "1959"]
[Annotator "Koller,Martin"]
[PlyCount "44"]
[TimeControl "240+2"]

1. e4 c5 2. Nf3 d6 3. d4 cxd4 4. Nxd4 Nf6 5. Nc3 g6 6. Be3 Bg7 7. f3
O-O 8. Qd2 Nc6 9. O-O-O d5 10. exd5 Nxd5 11. Nxd5 Qxd5 12. Nb3 Qe5 13. c3 Bf5
14. Qf2 Rac8 15. g4 Nb4 16. gxf5 Nxa2+ 17. Kb1 Nxc3+ 18. bxc3 Rxc3 19. Qa2 Qxe3
20. Nc1 Qb6+ 21. Qb2 Rxc1+ 22. Kxc1 Qxb2# 0-1

[Event "International chess holiday K21"]
[Site "Praha"]
[Date "2014.07.27"]
[Round "1"]
[White "Vesely, Jaromir"]
[Black "Thomasson, Staffan"]
[Result "1-0"]
[ECO "A31"]
[WhiteElo "1949"]
[BlackElo "1882"]
[Annotator "Koller,Martin"]
[PlyCount "71"]
[TimeControl "240+2"]

1. d4 g6 2. c4 Bg7 3. Nc3 c5 4. Nf3 Na6 5. e4 d6 6. Be2 Bd7 7. O-O cxd4
8. Nxd4 Nf6 9. Be3 Nc5 10. f3 O-O 11. Qd2 Re8 12. Nd5 Rc8 13. b4 Ne6 14. Rac1
Nc7 15. Rfd1 b6 16. b5 Ne6 17. Nb4 Nxd4 18. Bxd4 Qc7 19. Na6 Qb7 20. Bd3 e5 21.
Be3 Be6 22. Bf1 Red8 23. a4 Bf8 24. a5 Nd7 25. Nb4 Nc5 26. Qa2 bxa5 27. Nc6 Rd7
28. Nxa5 Qxb5 29. cxb5 Bxa2 30. Rxc5 dxc5 31. Rxd7 c4 32. Nc6 c3 33. Rxa7 Bb3
34. Nxe5 c2 35. Nd3 Bc4 36. Nc1 1-0

[Event "International chess holiday K21"]
[Site "Praha"]
[Date "2014.07.27"]
[Round "1"]
[White "Wolf, Ulrich"]
[Black "Andersson, Steffan"]
[Result "1-0"]
[ECO "E17"]
[WhiteElo "2071"]
[BlackElo "1902"]
[Annotator "Koller,Martin"]
[PlyCount "83"]
[TimeControl "240+2"]

1. Nf3 d5 2. c4 e6 3. b3 Nf6 4. Bb2 b6 5. g3 Bb7 6. Bg2 Be7 7. O-O O-O
8. d4 Nbd7 9. cxd5 Bxd5 10. Nc3 Bb7 11. Rc1 c5 12. e3 Rc8 13. Qe2 cxd4 14. exd4
Nd5 15. Rfd1 N7f6 16. Nxd5 Nxd5 17. Ne5 Bg5 18. f4 Rxc1 19. Rxc1 Bxf4 20. Rf1
Be3+ 21. Kh1 Qg5 22. Ba3 Rc8 23. Nxf7 Qg6 24. Nd6 Rc2 25. Nxb7 h6 26. Qf3 Bxd4
27. Qf8+ Kh7 28. Nd6 Rxg2 29. Kxg2 Ne3+ 30. Kh1 Qd3 31. Rc1 Qe2 32. Qa8 Nd5 33.
Qf8 Bf6 34. h3 Qf3+ 35. Kh2 Qf2+ 36. Kh1 Ne3 37. Qa8 Nd5 38. Rg1 Bd4 39. Rg2
Qf1+ 40. Kh2 Nc3 41. Bb2 Ne2 42. Qe4+ 1-0

[Event "International chess holiday M21"]
[Site "Praha"]
[Date "2014.07.27"]
[Round "2"]
[White "Gregor, Jiri"]
[Black "Scherer, Frank"]
[Result "1-0"]
[ECO "E89"]
[WhiteElo "2307"]
[BlackElo "2063"]
[Annotator "Koller,Martin"]
[PlyCount "77"]
[TimeControl "240+2"]

1. d4 Nf6 2. c4 g6 3. Nc3 Bg7 4. e4 d6 5. f3 O-O 6. Be3 e5 7. d5 c6 8.
Qd2 cxd5 9. cxd5 a6 10. g4 Nbd7 11. Nge2 h5 12. h3 b5 13. Ng3 h4 14. Nge2 Nh7
15. g5 Nb6 16. b3 Bd7 17. Nc1 Rc8 18. Nd3 a5 19. Nd1 Na8 20. N1f2 b4 21. Be2
Qe7 22. Nb2 Nc7 23. Nc4 Nb5 24. Nxa5 Nc3 25. Nc4 Bb5 26. Rc1 Nxe2 27. Kxe2 Ra8
28. Nd3 f6 29. Nxb4 fxg5 30. a4 Bxc4+ 31. Rxc4 Qf7 32. Rf1 Qd7 33. Nc6 Bf6 34.
Rh1 Bd8 35. Rcc1 Qb7 36. Qd3 Nf6 37. Rhg1 Nh5 38. Nxd8 Raxd8 39. Rxg5 neèitelné 1-0

[Event "International chess holiday M21"]
[Site "Praha"]
[Date "2014.07.27"]
[Round "2"]
[White "Hanl, Frantisek"]
[Black "Bilek, Roman"]
[Result "1-0"]
[ECO "B42"]
[WhiteElo "1958"]
[BlackElo "1958"]
[Annotator "Koller,Martin"]
[PlyCount "47"]
[TimeControl "240+2"]

1. e4 c5 2. Nf3 e6 3. d4 cxd4 4. Nxd4 a6 5. Bd3 Nc6 6. Be3 Qc7 7. O-O
Bd6 8. f4 Nge7 9. c3 e5 10. Nxc6 dxc6 11. f5 f6 12. Nd2 b5 13. a4 Bb7 14. Qh5+
Kf8 15. c4 Bb4 16. axb5 cxb5 17. cxb5 axb5 18. Rxa8+ Bxa8 19. Nb3 Bc6 20. Rc1
Qb7 21. Nc5 Bxc5 22. Bxc5 Bxe4 23. Bxe4 Qxe4 24. Qd1 1-0

[Event "International chess holiday M21"]
[Site "Praha"]
[Date "2014.07.27"]
[Round "2"]
[White "Koubek, Vaclav"]
[Black "Michalek, Frantisek"]
[Result "1-0"]
[ECO "B15"]
[WhiteElo "2057"]
[BlackElo "2058"]
[Annotator "Koller,Martin"]
[PlyCount "109"]
[TimeControl "240+2"]

1. e4 Nf6 2. Nc3 d5 3. exd5 Nxd5 4. Ne4 Nf6 5. Nxf6+ exf6 6. Nf3 Bd6 7.
d4 O-O 8. Be2 c6 9. O-O Bg4 10. c3 Nd7 11. h3 Bh5 12. Nh4 Bxe2 13. Qxe2 Re8 14.
Qg4 g6 15. Bh6 Bf8 16. Nf5 Bxh6 17. Nxh6+ Kf8 18. Qh4 Kg7 19. Ng4 h5 20. Ne3
Qa5 21. Qg3 Re7 22. d5 Kh7 23. Qd6 Qc5 24. Qxc5 Nxc5 25. Rad1 Kg7 26. Rfe1 Kf8
27. c4 cxd5 28. Nxd5 Rxe1+ 29. Rxe1 Nd3 30. Re2 f5 31. b3 Re8 32. Rd2 Re1+ 33.
Kh2 Nc5 34. f3 h4 35. Nc7 a6 36. Rd8+ Kg7 37. Ne8+ Kh6 38. Nd6 Kg7 39. b4 Ne6
40. Rd7 Nf4 41. Rxf7+ Kg8 42. Rxb7 Re2 43. Rb8+ Kg7 44. Re8 Rxg2+ 45. Kh1 Rxa2
46. c5 Ra1+ 47. Kh2 Ra2+ 48. Kg1 Ra1+ 49. Kf2 Nd3+ 50. Ke3 Nxb4 51. Rc8 Kf6 52.
c6 Ke7 53. Nc4 Rd1 54. c7 Rd3+ 55. Ke2 1-0

[Event "International chess holiday M21"]
[Site "Praha"]
[Date "2014.07.27"]
[Round "2"]
[White "Nilsson, Patrik"]
[Black "Barthel, Ansgar"]
[Result "1/2-1/2"]
[ECO "B04"]
[WhiteElo "2121"]
[BlackElo "2226"]
[Annotator "Koller,Martin"]
[PlyCount "89"]
[TimeControl "240+2"]

1. e4 Nf6 2. e5 Nd5 3. Nf3 d6 4. exd6 cxd6 5. d4 g6 6. c4 Nb6 7. b3 Bg7
8. Bb2 O-O 9. Be2 Nc6 10. O-O Bg4 11. h3 Bxf3 12. Bxf3 d5 13. c5 Nc8 14. Na3 e6
15. Nc2 N8e7 16. Ne3 b6 17. Rc1 bxc5 18. Rxc5 Qb6 19. Qd2 Rfc8 20. Rfc1 a5 21.
Bc3 Rd8 22. Rb1 Ra7 23. a3 e5 24. Nxd5 Nxd5 25. Rxd5 Rxd5 26. Bxd5 exd4 27. Ba1
Ne7 28. Bc4 Nf5 29. b4 Nd6 30. Bd3 h6 31. bxa5 Qxa5 32. Qxa5 Rxa5 33. Rb3 Ra4
34. Bb2 Nc4 35. Bc1 Bf8 36. Rb8 Kg7 37. Bxc4 Rxc4 38. Bxh6+ Kxh6 39. Rxf8 Rc1+
40. Kh2 d3 41. Rd8 Rd1 42. Kg3 d2 43. Kf3 Ra1 44. Rxd2 Rxa3+ 45. Ke2 1/2-1/2

[Event "International chess holiday M21"]
[Site "Praha"]
[Date "2014.07.27"]
[Round "2"]
[White "Sisak, Richard"]
[Black "Dalling, Peter"]
[Result "1/2-1/2"]
[ECO "D00"]
[WhiteElo "2017"]
[BlackElo "1907"]
[Annotator "Koller,Martin"]
[PlyCount "47"]
[TimeControl "240+2"]

1. d4 Nf6 2. Bf4 d5 3. e3 e6 4. Nd2 Bd6 5. Bg3 b6 6. c3 O-O 7. Ngf3 Bb7
8. Bd3 Ne4 9. Ne5 f5 10. f4 Be7 11. Qe2 c5 12. Bf2 Nd7 13. Nxe4 fxe4 14. Ba6
Bxa6 15. Qxa6 Nxe5 16. dxe5 Qc7 17. O-O Rad8 18. Rad1 c4 19. Qa4 Rb8 20. Qc2 b5
21. a3 a5 22. Qe2 b4 23. axb4 axb4 24. Qg4 1/2-1/2

[Event "International chess holiday K21"]
[Site "Praha"]
[Date "2014.07.27"]
[Round "2"]
[White "Andersson, Stefan"]
[Black "Koubek, Vaclav"]
[Result "0-1"]
[ECO "D94"]
[WhiteElo "1902"]
[BlackElo "2033"]
[Annotator "Koller,Martin"]
[PlyCount "100"]
[TimeControl "240+2"]

1. d4 Nf6 2. c4 g6 3. Nf3 Bg7 4. e3 d5 5. Be2 c6 6. O-O O-O 7. Nc3 Bf5
8. b3 Ne4 9. Bb2 Nxc3 10. Bxc3 Nd7 11. cxd5 cxd5 12. Rc1 Rc8 13. Bb4 Re8 14. h3
Nf6 15. Ne5 a6 16. g4 Bd7 17. f4 Ne4 18. Kg2 f6 19. Nxd7 Qxd7 20. Bd3 Nd6 21.
Qf3 Nf7 22. f5 Ng5 23. Qd1 gxf5 24. Bxf5 e6 25. Bb1 Rxc1 26. Qxc1 e5 27. Bf5
Qb5 28. Qd2 exd4 29. Qxd4 Ne4 30. Re1 Kh8 31. a4 Qc6 32. Re2 Qc7 33. Bxe4 Rxe4
34. Qc5 Qd7 35. Rd2 Qe8 36. Kf3 Bh6 37. Qxd5 Rxe3+ 38. Kg2 Re5 39. Qd8 Bxd2 40.
Qxf6+ Kg8 41. Bxd2 Re2+ 42. Kf1 Re6 43. Qd4 Qf7+ 44. Kg1 Qf6 45. Qc4
45 Qe5 46. Bc3 Qe3+ 47. Kh2 Qe2+ 48. Qxe2 Rxe2+ 49. Kg1 Re3 50. Bd4 Rxb3 0-1

[Event "International chess holiday K21"]
[Site "Praha"]
[Date "2014.07.27"]
[Round "2"]
[White "Lammers Dr., Frank"]
[Black "Veselý Dr., Jaromir"]
[Result "1/2-1/2"]
[ECO "D02"]
[WhiteElo "1999"]
[BlackElo "1949"]
[Annotator "Koller,Martin"]
[PlyCount "140"]
[TimeControl "240+2"]

1. d4 d5 2. Bf4 Nf6 3. e3 Bf5 4. Nd2 e6 5. Ngf3 Bd6 6. Bg3 h6 7. Ne5
O-O 8. f4 c5 9. c3 Nc6 10. Bh4 cxd4 11. exd4 Qc7 12. Be2 Ne4 13. Nxe4 Bxe4 14.
O-O f6 15. Nxc6 bxc6 16. Qd2 c5 17. dxc5 Bxc5+ 18. Bf2 Rab8 19. Bxc5 Qxc5+ 20.
Kh1 Rfc8 21. Rac1 Rc6 22. Bf3 f5 23. Bxe4 fxe4 24. Rfe1 Qa5 25. a3 Qb5 26. Rc2
Qc4 27. Rd1 Rb3 28. f5 Rb5 29. fxe6 Rxe6 30. Qd4 e3 31. Qxc4 dxc4 32. Re1 Kf7
33. g3 Rd5 34. Ree2 g5 35. Kg2 g4 36. Rc1 Rd2 37. Rce1 Rb6 38. Rxd2 exd2 39.
Rd1 Rxb2 40. Kf2 Rc2 41. Ke2 Rxc3 42. Rxd2 Rxa3 43. Rd4 Ra2+ 44. Ke3 h5 45.
Rxc4 Ra5 46. Kf4 Ke6 47. Ke4 Kd6 48. Rc8 Rb5 49. Rh8 Kc6 50. Rh6+ Kb7 51. Kd4
a5 52. Kc4 Rf5 53. Kb3 Kc7 54. Ka4 Kd7 55. Kb3 Ke7 56. Kc4 Kf7 57. Kd4 a4 58.
Ra6 Rf2 59. Rxa4 Rxh2 60. Ke3 Ke6 61. Ra6+ Kd5 62. Ra5+ Kc4 63. Ra4+ Kb5 64.
Ra8 Rg2 65. Kf4 Rd2 66. Rh8 Rd5 67. Ke4 Rg5 68. Kf4 Rc5 69. Ke4 Rc4+ 70. Kd3
Rc5 1/2-1/2

[Event "International chess holiday K21"]
[Site "Praha"]
[Date "2014.07.27"]
[Round "2"]
[White "Skopec, Lubos"]
[Black "Klamp, Christoph"]
[Result "1-0"]
[ECO "B22"]
[WhiteElo "1959"]
[BlackElo "2053"]
[Annotator "Koller,Martin"]
[PlyCount "61"]
[TimeControl "240+2"]

1. e4 c5 2. c3 Nf6 3. e5 Nd5 4. d4 cxd4 5. Nf3 Nc6 6. Bc4 Nb6 7. Bb3 d5
8. exd6 Qxd6 9. O-O Be6 10. Na3 a6 11. Bxe6 Qxe6 12. Nxd4 Nxd4 13. Qxd4 Rd8 14.
Qh4 Nd5 15. c4 Nf6 16. Bg5 Qe5 17. Rad1 Qxb2 18. Rxd8+ Kxd8 19. Qg3 Kc8 20. Rb1
Qd4 21. Qb3 Qe4 22. c5 e6 23. Nc4 Bxc5 24. Be3 Be7 25. f3 Qc6 26. Na5 Qd7 27.
Nxb7 Qd5 28. Rc1+ Kb8 29. Qc2 Qd7 30. Rb1 Rc8 31. Nd6+ 1-0

[Event "International chess holiday K21"]
[Site "Praha"]
[Date "2014.07.27"]
[Round "2"]
[White "Thomasson, Staffan"]
[Black "Schoenmakers, Nico"]
[Result "0-1"]
[ECO "A06"]
[WhiteElo "1882"]
[BlackElo "1885"]
[Annotator "Koller,Martin"]
[PlyCount "88"]
[TimeControl "240+2"]

1. c4 c6 2. e3 e6 3. b3 d5 4. Bb2 Nd7 5. Nf3 Ngf6 6.
Be2 Be7 7. O-O O-O 8. d3 a6 9. Nbd2 b5 10. Rc1 Bb7 11. Kh1 Ne8 12. Rg1 Bf6 13.
d4 b4 14. c5 a5 15. g4 Ba6 16. g5 Bxe2 17. Qxe2 Be7 18. Rg3 f5 19. Rcg1 g6 20.
Nh4 Ng7 21. f4 Nh5 22. Rh3 Rf7 23. Ndf3 Bf8 24. Ng2 Rg7 25. Nge1 a4 26. Nd3 Qa5
27. Nfe5 Nxe5 28. Nxe5 Qc7 29. Qd2 axb3 30. axb3 Qb7 31. Nd3 Ra2 32. Rf3 Qb5
33. Nxb4 Rxb2 34. Qxb2 Qxb4 35. Ra1 Rb7 36. Ra6 Qe1+ 37. Kg2 Qd1 38. b4 Qe1 39.
Rxc6 Rxb4 40. Qf2 Qb1 41. Kh3 Rb8 42. Qf1 Qc2 43. Qg1 Qe2 44. Rf1 Ng7 0-1

[Event "International chess holiday K21"]
[Site "Praha"]
[Date "2014.07.27"]
[Round "2"]
[White "Wolf, Ulrich"]
[Black "Reichmann, Steffen"]
[Result "1/2-1/2"]
[ECO "A20"]
[WhiteElo "2071"]
[BlackElo "1966"]
[Annotator "Koller,Martin"]
[PlyCount "59"]
[TimeControl "240+2"]

1. Nf3 d6 2. c4 e5 3. e4 Nc6 4. h3 g6 5. d4 Bg7 6. Be3 Nge7 7. Nc3 O-O
8. d5 Nb8 9. g4 f5 10. gxf5 gxf5 11. Bg5 f4 12. Rg1 Kh8 13. Nh4 Bf6 14. Qh5 Na6
15. Qh6 Bxg5 16. Rxg5 Rf7 17. O-O-O Bd7 18. Be2 Qf8 19. Qh5 Rg7 20. Rdg1 Rxg5
21. Qxg5 c6 22. Bg4 Bxg4 23. Rxg4 Qf7 24. Qh6 Rd8 25. b3 Nc5 26. Kd2 Ng8 27.
Qg5 Nf6 28. f3 Rg8 29. Qf5 Rf8 30. Rg1 1/2-1/2

[Event "International chess holiday M21"]
[Site "Praha"]
[Date "2014.07.28"]
[Round "3"]
[White "Barthel, Ansgar"]
[Black "Koubek, Vaclav"]
[Result "1-0"]
[ECO "C50"]
[WhiteElo "2226"]
[BlackElo "2057"]
[Annotator "Koller,Martin"]
[PlyCount "67"]
[TimeControl "240+2"]

1. e4 e5 2. Nf3 Nc6 3. Bc4 Bc5 4. Nc3 Nf6 5. d3 d6 6. Bg5 a6 7. Nd5 Na5
8. b4 Nxc4 9. bxc5 Na5 10. cxd6 cxd6 11. O-O Nc6 12. c3 h6 13. Bxf6 gxf6 14.
Nh4 Rg8 15. Qf3 Kf8 16. Qxf6 Qxf6 17. Nxf6 Rg7 18. f4 exf4 19. Rxf4 Ne5 20. d4
Ng6 21. Nxg6+ Rxg6 22. Raf1 Bh3 23. R1f2 Rc8 24. R4f3 Bg4 25. Rg3 Bd1 26. Rd3
Ba4 27. Rdf3 Rg7 28. Rb2 Rb8 29. Rb6 Ke7 30. Nd5+ Kd7 31. Rf6 Bc6 32. Rxh6 f5
33. e5 dxe5 34. Rhxc6 1-0

[Event "International chess holiday M21"]
[Site "Praha"]
[Date "2014.07.28"]
[Round "3"]
[White "Bilek, Roman"]
[Black "Sisak, Richard"]
[Result "1-0"]
[ECO "B06"]
[WhiteElo "1958"]
[BlackElo "2017"]
[Annotator "Koller,Martin"]
[PlyCount "63"]
[TimeControl "240+2"]

1. e4 d6 2. d4 g6 3. Nf3 Bg7 4. Nc3 a6 5. a4 b6 6. Bc4 e6 7. O-O h6 8.
h3 Ne7 9. Re1 Bb7 10. Qe2 O-O 11. Be3 Nd7 12. Qd2 Kh7 13. Rad1 Nf6 14. Bd3 d5
15. e5 Nd7 16. Ne2 c5 17. c3 Qc7 18. Nf4 c4 19. Bc2 Bc6 20. Nh5 Ng8 21. Nxg7
Kxg7 22. g4 Rfb8 23. h4 Nf8 24. h5 b5 25. axb5 Rxb5 26. g5 hxg5 27. hxg6 Nxg6
28. Nxg5 Rxb2 29. Kg2 Ba4 30. Rc1 N8e7 31. Rh1 Nf5 32. Rh7+ 1-0

[Event "International chess holiday M21"]
[Site "Praha"]
[Date "2014.07.28"]
[Round "3"]
[White "Dalling, Peter"]
[Black "Nilsson, Patrik"]
[Result "0-1"]
[ECO "C01"]
[WhiteElo "1907"]
[BlackElo "2121"]
[Annotator "Koller,Martin"]
[PlyCount "58"]
[TimeControl "240+2"]

1. e4 e6 2. d4 d5 3. exd5 exd5 4. c3 Bd6 5. Be3 Ne7 6. Bd3 c6 7. Nd2
Nf5 8. Qg4 h5 9. Qe2 Nxe3 10. Qxe3+ Qe7 11. Qxe7+ Bxe7 12. Ngf3 O-O 13. O-O-O
c5 14. Rde1 Nc6 15. h3 g6 16. g4 hxg4 17. hxg4 cxd4 18. g5 dxc3 19. bxc3 Kg7
20. Bb5 Ba3+ 21. Kc2 a6 22. Bd3 Bd7 23. Nb3 Rac8 24. Kd2 b5 25. Ne5 Nxe5 26.
Rxe5 Bb2 27. Re3 Bxc3+ 28. Ke2 d4 29. Re4 Rfe8 0-1

[Event "International chess holiday M21"]
[Site "Praha"]
[Date "2014.07.28"]
[Round "3"]
[White "Michalek, Frantisek"]
[Black "Gregor, Jiri"]
[Result "0-1"]
[ECO "B62"]
[WhiteElo "2058"]
[BlackElo "2307"]
[Annotator "Koller,Martin"]
[PlyCount "60"]
[TimeControl "240+2"]

1. e4 c5 2. Nf3 Nc6 3. Nc3 Nf6 4. d4 cxd4 5. Nxd4 e6 6. Bg5 d6 7. Bb5
Bd7 8. Qd2 Be7 9. O-O-O Qc7 10. Rhe1 a6 11. Bxc6 Bxc6 12. f4 h6 13. Bxf6 gxf6
14. f5 Bd7 15. Qe2 O-O-O 16. Qh5 Rdf8 17. Re3 Kb8 18. Qe2 Rfg8 19. g4 h5 20. h3
hxg4 21. hxg4 Bf8 22. Kb1 Qc5 23. Rg3 Qe5 24. Qg2 d5 25. exd5 exf5 26. Nf3 Qd6
27. Qg1 fxg4 28. Ne4 Qf4 29. Nfd2 f5 30. Rf1 Qe5 0-1

[Event "International chess holiday M21"]
[Site "Praha"]
[Date "2014.07.28"]
[Round "3"]
[White "Scherer, Frank"]
[Black "Hanl, Frantisek"]
[Result "0-1"]
[ECO "B33"]
[WhiteElo "2063"]
[BlackElo "1958"]
[Annotator "Koller,Martin"]
[PlyCount "82"]
[TimeControl "240+2"]

1. e4 c5 2. Nf3 Nc6 3. d4 cxd4 4. Nxd4 Nf6 5. Nc3 e5 6. Ndb5 d6 7. Bg5
a6 8. Na3 b5 9. Bxf6 gxf6 10. Nd5 f5 11. c3 Bg7 12. exf5 Bxf5 13. Nc2 O-O 14.
Nce3 Be6 15. g3 Rb8 16. Bg2 b4 17. O-O bxc3 18. bxc3 Ne7 19. Qa4 f5 20. Rad1
Nxd5 21. Bxd5 Qc8 22. Bxe6+ Qxe6 23. Qxa6 Rfd8 24. Nd5 f4 25. Qc4 Kh8 26. Qe4
fxg3 27. hxg3 Rf8 28. Rb1 Rxb1 29. Rxb1 Qh6 30. Ne3 Qe6 31. c4 Qf7 32. Rb2 Qa7
33. Nf5 Qf7 34. g4 Qg6 35. Rb7 Bh6 36. f3 Bf4 37. Ra7 d5 38. Qc2 Qb6+ 39. Qf2
d4 40. Re7 Rxf5 41. gxf5 Be3 0-1

[Event "International chess holiday K21"]
[Site "Praha"]
[Date "2014.07.28"]
[Round "3"]
[White "Klamp, Cristoph"]
[Black "Thomasson, Staffan"]
[Result "1/2-1/2"]
[ECO "A30"]
[WhiteElo "2053"]
[BlackElo "1882"]
[Annotator "Koller,Martin"]
[PlyCount "51"]
[TimeControl "240+2"]

1. Nf3 Nf6 2. c4 c5 3. g3 b6 4. Bg2 Bb7 5. O-O e6 6. Nc3 Be7 7. Re1 O-O
8. e4 d6 9. d4 cxd4 10. Nxd4 a6 11. Be3 Nbd7 12. Rc1 Qc7 13. b3 Rac8 14. h3 Qb8
15. f4 Qa8 16. Bf2 Nc5 17. Qe2 Rfe8 18. a4 d5 19. cxd5 exd5 20. Nxd5 Nxd5 21.
exd5 Bxd5 22. Bxd5 Qxd5 23. b4 Bf8 24. Qxe8 Rxe8 25. Rxe8 Nd7 26. Ra8 neèitelné 1/2-1/2

[Event "International chess holiday K21"]
[Site "Praha"]
[Date "2014.07.28"]
[Round "3"]
[White "Koubek, Vaclav"]
[Black "Skopec, Lubos"]
[Result "1-0"]
[ECO "B25"]
[WhiteElo "2033"]
[BlackElo "1959"]
[Annotator "Koller,Martin"]
[PlyCount "143"]
[TimeControl "240+2"]

1. e4 c5 2. Nc3 Nc6 3. g3 g6 4. Bg2 Bg7 5. d3 e6 6. Be3 d6 7. f4 Nge7
8. Nf3 Nd4 9. O-O O-O 10. e5 Nxf3+ 11. Qxf3 Nf5 12. Bf2 Nd4 13. Qd1 dxe5 14.
fxe5 Bxe5 15. Ne4 Rb8 16. c3 Nf5 17. Bxc5 Re8 18. Bxa7 Ra8 19. Bf2 Bd7 20. d4
Bg7 21. a3 Bc6 22. Qd2 Nd6 23. Nxd6 Qxd6 24. Be3 Red8 25. Bg5 Bxg2 26. Qxg2 Rd7
27. Rad1 Qb6 28. Qf2 Qb3 29. Rd2 Qd5 30. Qf4 b5 31. Re2 Qc4 32. Qf3 Rc8 33.
Ref2 Rf8 34. Bf6 Bxf6 35. Qxf6 Qc7 36. Rf4 Qd8 37. Qxd8 Rfxd8 38. Rf6 Kg7 39.
R1f4 Rf8 40. Kf1 Rd5 41. Rf3 Rf5 42. R6xf5 gxf5 43. Re3 Rb8 44. Re5 Rb6 45. Ke2
f6 46. Rc5 Kg6 47. Kf3 h5 48. h4 Kf7 49. Kf4 Kg6 50. Rc8 Rd6 51. Rg8+ Kf7 52.
Rb8 Rd5 53. Rb6 e5+ 54. dxe5 Rxe5 55. Kf3 Rd5 56. Ke3 Kg6 57. Rc6 Re5+ 58. Kf3
Rd5 59. c4 Rd3+ 60. Kf4 Rd4+ 61. Ke3 Re4+ 62. Kd3 bxc4+ 63. Rxc4 Re1 64. Rf4
Rb1 65. Kc3 Rc1+ 66. Kb4 Rc2 67. b3 Re2 68. a4 Re3 69. a5 Rxg3 70. a6 Rg1 71.
Kb5 Kf7 72. a7 1-0

[Event "International chess holiday K21"]
[Site "Praha"]
[Date "2014.07.28"]
[Round "3"]
[White "Reichmann, Steffen"]
[Black "Andersson, Stefan"]
[Result "0-1"]
[ECO "C22"]
[WhiteElo "1966"]
[BlackElo "1902"]
[Annotator "Koller,Martin"]
[PlyCount "40"]
[TimeControl "240+2"]

1. e4 e5 2. d4 exd4 3. Qxd4 Nc6 4. Qe3 Bb4+ 5. Nc3 d6 6. Bd2 Nf6 7.
O-O-O Be6 8. f4 Bc5 9. Qg3 Qe7 10. e5 Ng4 11. Nh3 O-O-O 12. Bb5 Nd4 13. Bd3 h5
14. Rhf1 h4 15. Qe1 Nxh2 16. Rh1 Bxh3 17. gxh3 Nhf3 18. Qe4 dxe5 19. Rhf1 f5
20. Nd5 Qf7 0-1

[Event "International chess holiday K21"]
[Site "Praha"]
[Date "2014.07.28"]
[Round "3"]
[White "Schoenmakers, Nico"]
[Black "Lammers, Frank"]
[Result "0-1"]
[ECO "C01"]
[WhiteElo "1885"]
[BlackElo "1999"]
[Annotator "Koller,Martin"]
[PlyCount "100"]
[TimeControl "240+2"]

1. e4 e6 2. d4 d5 3. exd5 exd5 4. Bd3 Nc6 5. c3 Bd6 6. Nf3 Nge7 7. O-O
Bg4 8. Re1 Qd7 9. Bg5 f6 10. Bh4 O-O-O 11. Nbd2 Bf5 12. Nf1 Bxd3 13. Qxd3 g5
14. Bg3 Nf5 15. Bxd6 Nxd6 16. N3d2 h5 17. Re2 h4 18. Rae1 h3 19. g3 f5 20. f3
g4 21. f4 Ne4 22. Nxe4 dxe4 23. Qb5 a6 24. Qa4 Ne7 25. Qa5 Qb5 26. Qxb5 axb5
27. a3 Rh6 28. Ne3 Rhd6 29. Rd1 c5 30. Red2 cxd4 31. Rxd4 Rxd4 32. Rxd4 Rxd4
33. cxd4 Kd7 34. Kf2 Ke6 35. Ke2 Nd5 36. Nf1 Nb6 37. b3 Nd5 38. Kd2 b4 39. axb4
Nxb4 40. Ne3 Nd5 41. Nf1 Kd6 42. Ke2 Nc3+ 43. Kd2 Nb5 44. d5 Kxd5 45. Ne3+ Ke6
46. Nc2 Kd6 47. Ke3 Kc5 48. Kd2 Nd4 49. b4+ Kc4 50. Ne3+ Kxb4 0-1